 Dungeon Crawl Stone Soup version 0.29-a0-872-g797fff5ad1 (webtiles) character file.

Game seed: 11415747551133052498

473 Bapho the Shooter (level 6, -4/44 HPs)
             Began as a Demonspawn Hunter on July 19, 2022.
             Slain by an iguana (8 damage)
             ... on level 5 of the Dungeon.
             The game lasted 00:03:32 (2731 turns).

Bapho the Shooter (Demonspawn Hunter)               Turns: 2731, Time: 00:03:32

Health: -4/44      AC:  3    Str: 11    XL:     6   Next: 84%
Magic:  6/6        EV: 12    Int: 10    God:
Gold:   104        SH:  4    Dex: 19    Spells: 5/5 levels left

rFire   . . .      SeeInvis .   b - +1 flail (vorpal)
rCold   + . .      Faith    .   (no shield)
rNeg    . . .      Spirit   .   c - +0 leather armour
rPois   .          Reflect  .   (helmet restricted)
rElec   .          Harm     .   (no cloak)
rCorr   .          Rampage  .   (no gloves)
Will    +....                   (no boots)
Stlth   ++........              (no amulet)
HPRegen 0.14/turn               h - ring of protection from cold
MPRegen 0.10/turn               l - ring of willpower

@: hasted, very quick
A: horns 2, condensation shield, weakness stinger 1
a: no special abilities


You were on level 5 of the Dungeon.
You visited 1 branch of the dungeon, and saw 4 of its levels.

You collected 104 gold pieces.

Inventory:

Hand Weapons
 a - a +0 shortbow
 b - a +1 vorpal flail (weapon)
Armour
 c - a +0 leather armour (worn)
Jewellery
 h - a ring of protection from cold (left hand)
 l - a ring of willpower (right hand)
 p - a ring of positive energy
Wands
 o - a wand of polymorph (6)
Scrolls
 d - a scroll of silence {unknown}
 j - a scroll of enchant weapon {unknown}
 m - a scroll of magic mapping {unknown}
 q - 3 scrolls of identify {unknown}
 r - a scroll of torment {unknown}
 s - 3 scrolls of immolation
Potions
 e - a potion of haste
 f - 2 potions of curing {unknown}
 g - a potion of degeneration {unknown}
 i - a potion of attraction {unknown}
 k - a potion of brilliance {unknown}
 n - a potion of ambrosia {unknown}
 t - 2 potions of berserk rage {unknown}


   Skills:
 - Level 2.0 Fighting
 + Level 7.6 Ranged Weapons
 - Level 1.7 Dodging
 - Level 0.8 Stealth


You had 5 spell levels left.
You didn't know any spells.
Your spell library was empty.

Dungeon Overview and Level Annotations

Branches:
Dungeon (5/15)
 Temple: D:4-7

Altars:
Cheibriados
Hepliaklqana
Vehumet
Xom


Innate Abilities, Weirdness & Mutations

You have a pair of horns on your head.
A meltable shield of frost defends you. (SH +4)
You have a small tail.


Message History

The arrow hits the scorpion but does no damage.
No target in view!
b - a +1 vorpal flail (weapon)
An iguana comes into view.
You hit the scorpion.
The scorpion is lightly wounded.
The scorpion stings you.
You are poisoned.
The scorpion poisons you!
You barely miss the scorpion.
The scorpion is lightly wounded.
You feel very sick.
The scorpion stings you but does no damage.
You block the scorpion's attack.
You hit the scorpion. You tail-slap the scorpion.
The scorpion is severely wounded.
You feel sick. You block the scorpion's attack.
The iguana bites you but does no damage.
The scorpion stings you. The iguana bites you.
You are too injured to fight recklessly!
You are too injured to fight recklessly!
You hit the scorpion. You headbutt the scorpion.
You kill the scorpion!
You feel sick. The iguana bites you.
You closely miss the iguana. You headbutt the iguana. You tail-slap the iguana.
Your punch misses the iguana.
The iguana is lightly wounded.
You feel sick.
The iguana bites you but does no damage.
You hit the iguana but do no damage.
The iguana is lightly wounded.
You feel sick. The iguana barely misses you. The iguana bites you!
* * * LOW HITPOINT WARNING * * *
The iguana attacks as you move away! The iguana completely misses you.
You feel sick.
You are no longer poisoned.
The iguana attacks as you move away! The iguana bites you!
* * * LOW HITPOINT WARNING * * *
It was a potion of haste.
You feel yourself speed up. The iguana bites you!
You die...

#.......[.###)[...######
#......................###
#.......#.................
#.................###...#.
#.........................
#...................#####.
#######.#..................
#.....#..............######
.........#..#..@....##
........##'####l...##
........##...###...#
........####.._##..#
........####...##..#
........##W#_...##.###
........#.#####.#....# .
........##§#W##.'†.#.#...
##Z######.#.....


You could see an iguana.

Vanquished Creatures
  Grinder (D:4)
  A scorpion (D:5)
  2 orc priests (D:5)
  A hound (D:4)
  An iron imp (D:4)
  An iguana (D:5)
  2 adders
  A white imp (D:5)
  A worm (D:4)
  3 dart slugs
  2 orcs
  6 bats
  3 endoplasms
  3 giant cockroaches
  3 goblins
  5 hobgoblins
  2 jackals (D:4)
  3 kobolds
  A quokka (D:1)
  4 ball pythons
  A rat (D:1)
47 creatures vanquished.

Notes
Turn   | Place    | Note
-------+----------+-------------------------------------------
     0 | D:1      | Bapho the Demonspawn Hunter began the quest for the Orb.
     0 | D:1      | Reached XP level 1. HP: 16/16 MP: 1/1
   227 | D:1      | Reached skill level 4 in Ranged Weapons
   258 | D:1      | Discovered your monstrous ancestry.
   258 | D:1      | Gained mutation: You have a pair of small horns on your
                  | head. [demonic ancestry]
   258 | D:1      | Reached XP level 2. HP: 22/22 MP: 2/2
   317 | D:1      | Found a faded altar of an unknown god.
  1105 | D:2      | Gained mutation: You have a small tail. [demonic ancestry]
  1105 | D:2      | Reached XP level 3. HP: 27/27 MP: 3/3
  1323 | D:2      | You fall into a shaft and drop 2 floors!
  1362 | D:4      | Noticed Grinder
  1392 | D:4      | Killed Grinder
  1393 | D:4      | Reached skill level 6 in Ranged Weapons
  1393 | D:4      | Gained mutation: A meltable shield of frost defends you.
                  | (SH +4) [demonic ancestry]
  1393 | D:4      | Reached XP level 4. HP: 8/33 MP: 4/4
  1393 | D:4      | Reached XP level 5. HP: 10/38 MP: 5/5
  1711 | D:4      | Found a radiant altar of Vehumet.
  1810 | D:4      | Found a snail-covered altar of Cheibriados.
  1836 | D:4      | Gained mutation: You have a pair of horns on your head.
                  | [demonic ancestry]
  1836 | D:4      | Reached XP level 6. HP: 44/44 MP: 6/6
  2084 | D:5      | Entered Level 5 of the Dungeon
  2279 | D:5      | Reached skill level 7 in Ranged Weapons
  2695 | D:5      | Found a shimmering altar of Xom.
  2696 | D:5      | Found a hazy altar of Hepliaklqana.
  2697 | D:5      | Noticed a spectral ugly thing
  2731 | D:5      | Slain by an iguana

Illustrated notes

Levels and vault maps discovered:
D:1:      roderic_crossed_star, layout_basic, nicolae_ecumenical_lake_church,
          patterned_corridor
D:2:      layout_basic, uniq_crazy_yiuf_cottage
D:4:      layout_rooms, slow_altar_2, marbit_many_paths,
          eino_small_chamber_without_monster, uniq_grinder
D:5:      layout_rooms, regret_index_temple_of_mockery

Skill      XL: |  1  2  3  4  5  6 |
---------------+-------------------+-----
Ranged Weapons | 4 6 7 |  7.6
Fighting       | |  2.0
Dodging        | |  1.7
Stealth        | |  0.8

Action                   |  1- 3 |  4- 6 || total
-------------------------+-------+-------++-------
Melee: Unarmed           |    16 |     2 ||    18
       Flail             |       |    26 ||    26
       Headbutt          |       |     7 ||     7
       Tailslap          |       |     5 ||     5
 Fire: Shortbow          |    72 |    31 ||   103
  Use: Potion            |       |     1 ||     1
Armor: Leather armour    |     5 |     7 ||    12
       Skin              |     1 |       ||     1
Dodge: Dodged            |    21 |    18 ||    39
Block: Other             |       |    10 ||    10

Table legend: (Time is in decaauts)
 A = Elapsed time spent in this place.
 B = Non-inter-level travel time spent in this place.
 C = Inter-level travel time spent in this place.
 D = Time resting spent in this place.
 E = Time spent auto-exploring this place.
 F = Levels seen in this place.
 G = Mean time per level.
                   A        B        C        D        E       F      G
               +--------+--------+--------+--------+--------+-----+--------+
         Total |   2768 |   2701 |     67 |    631 |   1723 |   4 |  692.0 |
       Dungeon |   2768 |   2701 |     67 |    631 |   1723 |   4 |  692.0 |
               +--------+--------+--------+--------+--------+-----+--------+

Top non-repeatable levels by time:
     D:4: 1177 daAuts
     D:1: 995 daAuts
     D:2: 351 daAuts
     D:5: 244 daAuts
